 Dungeon Crawl Stone Soup version 0.29-a0-299-g4c793a2ed2 (webtiles) character file.

Game seed: 9254433802471433473

176 Dabor the Conjurer (level 5, -2/28 HPs)
             Began as a Deep Elf Conjurer on Mar 24, 2022.
             Killed by divine providence
             ... invoked by an orc priest
              (10 damage)
             ... on level 4 of the Dungeon.
             The game lasted 00:03:12 (3073 turns).

Dabor the Conjurer (Deep Elf Conjurer)              Turns: 3073, Time: 00:03:12

Health: -2/28      AC: 10    Str:  4    XL:     5   Next: 30%
Magic:  3/13       EV:  9    Int: 25    God:
Gold:   93         SH:  0    Dex: 13    Spells: 9/12 levels left

rFire   . . .      SeeInvis .   (no weapon)
rCold   . . .      Faith    .   (no shield)
rNeg    . . .      Spirit   .   g - quicksilver dragon scales
rPois   .          Reflect  .   (no helmet)
rElec   .          Harm     .   (no cloak)
rCorr   .          Rampage  .   (no gloves)
Will    +....                   f - +0 pair of boots
Stlth   ++........              (no amulet)
HPRegen 0.09/turn               (no ring)
MPRegen 0.13/turn               (no ring)

@: no status effects
A: no striking features
a: no special abilities


You were on level 4 of the Dungeon.
You visited 1 branch of the dungeon, and saw 4 of its levels.

You collected 93 gold pieces.

Inventory:

Armour
 a - a +0 robe
 f - a +0 pair of boots (worn)
 g - quicksilver dragon scales (worn)
Jewellery
 l - a ring of protection from cold
Wands
 j - a wand of digging (9)
Scrolls
 d - a scroll of brand weapon {unknown}
 e - a scroll of summoning {unknown}
 i - a scroll of blinking {unknown}
 m - a scroll of magic mapping {unknown}
 o - a scroll of teleportation {unknown}
 p - a scroll of fear {unknown}
 q - a scroll of noise {unknown}
 s - a scroll of identify {unknown}
Potions
 b - a potion of magic
 h - a potion of attraction {unknown}
 k - a potion of mutation {unknown}
 n - a potion of flight {unknown}
 r - a potion of cancellation {unknown}


   Skills:
 + Level 3.8 Dodging
 - Level 4.0 Stealth
 + Level 4.3 Spellcasting
 * Level 5.3 Conjurations
 + Level 1.0 Evocations


You had 9 spell levels left.
You knew the following spells:

 Your Spells              Type           Power      Damage    Failure   Level
a - Magic Dart            Conj           100%       1d8       6%          1
b - Searing Ray           Conj           64%        2d6       9%          2

Your spell library contained the following spells:

 Spells                   Type           Power      Damage    Failure   Level
 Dazzling Flash           Conj/Hex       36%        N/A       47%         3
 Ensorcelled Hibernation  Hex/Ice        10%        N/A       63%         2
 Passwall                 Tmut/Erth      4%         N/A       63%         2
 Gell's Gravitas          Tloc           5%         N/A       85%         3
 Lesser Beckoning         Tloc           5%         N/A       85%         3
 Swiftness                Air            5%         N/A       85%         3
 Teleport Other           Tloc           5%         N/A       85%         3
 Fulminant Prism          Conj/Hex       9%         3d7       87%         4
 Iskenderun's Mystic Bla  Conj/Tloc      18%        2d6       87%         4


Dungeon Overview and Level Annotations

Branches:
Dungeon (4/15)
 Temple: D:4-7

Altars:

Shops:
D:2 (


Message History

The orc barely misses you.
The orc priest hits you but does no damage.
The orc attacks as you move away! The orc hits you with a +0 mace!
You hit the orc priest but do no damage.
The orc priest is heavily wounded.
The orc closely misses you.
The orc priest hits you but does no damage.
Your magical contamination has completely faded away.
You hit the orc priest but do no damage.
The orc priest is heavily wounded.
The orc closely misses you.
The orc priest hits you but does no damage.
The goblin hits you but does no damage.
You hit the orc priest but do no damage.
The orc priest is heavily wounded.
The orc wizard casts a spell.
The orc wizard flickers and vanishes!
Deactivating autopickup; reactivate with Ctrl-A.
The orc hits you with a +0 mace.
The orc priest hits you but does no damage.
The goblin barely misses you.
The orc priest mumbles some strange prayers to Beogh against you.
Beogh smites you!
* * * LOW HITPOINT WARNING * * *
The orc priest looks braver for a moment.
Casting: Magic Dart (safe; 6% risk of failure)
Confirm with . or Enter, or press ? or * to list all spells.
Aiming: Searing Ray (safe; 9% risk of failure)
Press: ? - help, Shift-Dir - straight line, f/p - orc priest
Aim: an orc priest, wielding a +0 falchion and wearing a +0 chain mail (heavily wounded, 86% to hit)
The searing ray hits the orc!
You kill the orc!
The searing ray hits the goblin!
You kill the goblin!
The searing ray hits the orc priest.
The orc priest is severely wounded. (Press . to maintain the ray.)
The orc priest invokes the aid of Beogh against you.
Beogh smites you!
You die...

# ####+####≈##
≈§≈.≈≈§≈≈.)
#.....?)..
#########o........
#.....@)).........
#.########.###+###
#.# #..# #.# ##...
#.# .... ##'##
...... ##≈.≈##
...... #≈≈.≈≈##
..... #≈≈.♣.≈≈##


You could see an orc priest.

Vanquished Creatures
  A scorpion (D:3)
  4 gnolls
  2 adders
  4 orcs
  8 ball pythons
  4 endoplasms
  6 giant cockroaches
  7 goblins
  4 hobgoblins
  3 kobolds (D:1)
  3 quokkas
  5 bats
  4 frilled lizards
  A rat (D:2)
56 creatures vanquished.

Notes
Turn   | Place    | Note
-------+----------+-------------------------------------------
     0 | D:1      | Dabor the Deep Elf Conjurer began the quest for the Orb.
     0 | D:1      | Reached XP level 1. HP: 10/10 MP: 6/6
   108 | D:1      | Reached XP level 2. HP: 15/15 MP: 2/8
   677 | D:1      | Reached XP level 3. HP: 19/19 MP: 6/10
   872 | D:1      | Found a faded altar of an unknown god.
  1052 | D:2      | Learned a level 2 spell: Searing Ray
  1160 | D:2      | Reached XP level 4. HP: 21/24 MP: 1/11
  1683 | D:2      | Found Ygovam's Weapon Boutique.
  1845 | D:2      | Reached skill level 5 in Conjurations
  2770 | D:4      | Noticed a scorpion
  2806 | D:3      | Killed a scorpion
  2807 | D:3      | Reached XP level 5. HP: 9/28 MP: 3/13
  3001 | D:4      | Reached skill level 1 in Evocations
  3073 | D:4      | Killed from afar by an orc priest

Illustrated notes

Levels and vault maps discovered:
D:1:      dpeg_arrival_snail, layout_basic, basic_ecumenical_altar,
          wad_floor_pattern_1
D:2:      layout_basic, serial_shops, nicolae_shop_behind_doors
D:3:      layout_basic
D:4:      minmay_chambers_of_fours, layout_basic, lightli_temple_of_fire,
          mainiacjoe_overflow_alcove_3, ebering_ghost_reflecting_pool,
          kennysheep_diamond

Skill      XL: |  1  2  3  4  5 |
---------------+----------------+-----
Stealth        | 3 4 |  4.0
Dodging        | 3 |  3.8
Spellcasting   | 4 |  4.3
Conjurations   | 5 |  5.3
Evocations     | 1 |  1.0

Action                   |  1- 3 |  4- 6 || total
-------------------------+-------+-------++-------
Melee: Unarmed           |       |     3 ||     3
 Cast: Magic Dart        |    47 |    55 ||   102
       Searing Ray       |     2 |     4 ||     6
  Use: Potion            |       |     1 ||     1
Armor: Quicksilver drago |     1 |    12 ||    13
Dodge: Dodged            |     4 |    10 ||    14

Table legend: (Time is in decaauts)
 A = Elapsed time spent in this place.
 B = Non-inter-level travel time spent in this place.
 C = Inter-level travel time spent in this place.
 D = Time resting spent in this place.
 E = Time spent auto-exploring this place.
 F = Levels seen in this place.
 G = Mean time per level.
                   A        B        C        D        E       F      G
               +--------+--------+--------+--------+--------+-----+--------+
         Total |   3074 |   2917 |    157 |      0 |   2642 |   4 |  768.5 |
       Dungeon |   3074 |   2917 |    157 |      0 |   2642 |   4 |  768.5 |
               +--------+--------+--------+--------+--------+-----+--------+

Top non-repeatable levels by time:
     D:3: 1065 daAuts
     D:1: 991 daAuts
     D:2: 895 daAuts
     D:4: 121 daAuts
